[Event "Czech Championship 2022"]
[Site "Usti nad Labem"]
[Date "2022.05.15"]
[Round "2.1"]
[White "Stinka, Jakub"]
[Black "Navara, David"]
[Result "0-1"]
[ECO "E02"]
[WhiteElo "2345"]
[BlackElo "2682"]
[Annotator "TA"]
[PlyCount "98"]
[EventDate "2022.05.12"]
[EventType "swiss"]
[EventCountry "CZE"]
[SourceTitle "playchess.com"]
[Source "ChessBase"]
[SourceQuality "1"]
[TimeControl "40/5400+30:1800+30"]

1. d4 d5 2. c4 e6 3. Nf3 Nf6 4. g3 dxc4 5. Qa4+ Nbd7 6. Bg2 a6 7. Nc3 Rb8 8. Qxc4 b5 9. Qd3 Bb7 10. O-O c5 11. dxc5 Nxc5 12. Qxd8+ Rxd8 13. b4 {[%emt 0:05:45] E02: Open Catalan: 5 Qa4+.} Ncd7 14. a3 Nb6 {[%emt 0:01:00] [#]} 15. Bf4 $146 {[%emt 0:13:34] With the idea Bc7. The position is equal.} ({Predecessor:} 15. Nd2 Bxg2 16. Kxg2 Be7 17. Nde4 Nxe4 18. Nxe4 f5 19. Ng5 Bf6 20. Ra2 Ke7 21. Be3 {½-½ (37) Prokopchuk,Y (2319)-Voitsekhovsky,S (2513) Kaluga 2012}) 15... Rc8 {[%emt 0:01:37] Inhibits Bc7.} 16. Rfc1 Be7 17. Ne5 Bxg2 18. Kxg2 O-O 19. Nd3 Nfd5 20. Nxd5 Nxd5 21. Be5 Rc4 22. Bb2 Rfc8 23. Ne5 Rc2 24. Rxc2 (24. e4 $11 Ne3+ 25. Kf3) 24... Rxc2 $15 25. Rc1 Rxb2 26. Rc8+ Bf8 27. Nd7 {[%emt 0:00:08][%csl Gd7][%cal Rc8f8] [#]} g5 $1 28. Rxf8+ $17 {[%emt 0:03:25][%mdl 4096] Endgame KRN-KRN} Kg7 {[%emt 0:00:09][%cal Od5b6] Strongly threatening ...Nb6!} 29. Ra8 Rxe2 30. Rxa6 Ra2 31. Nc5 (31. Ra5 $142) 31... Ne3+ $1 32. Kf3 Nd1 33. g4 Rxf2+ 34. Kg3 Ra2 {[%emt 0:11:24] Black is more active.} 35. Ra7 Kg6 {[%emt 0:00:50] Threatens to win with ...Ne3.} 36. Ra8 (36. Nd7 $17 {is a better defense.}) 36... Nc3 37. h4 h6 {[%emt 0:03:01] ...Ne2+ is the strong threat.} 38. Ra7 $2 (38. hxg5 $17 hxg5 39. Ra5) 38... Ne2+ $1 $19 39. Kh3 Ng1+ $2 (39... Nf4+ 40. Kg3 Rg2+ 41. Kf3 gxh4 $1 42. Kxf4 h3) 40. Kg3 Ne2+ $2 (40... gxh4+ 41. Kxh4 Rg2) 41. Kh3 Nf4+ {[%emt 0:07:15] Black is clearly winning.} 42. Kg3 Rg2+ $1 43. Kf3 {[%emt 0:00:00] [#]} gxh4 {[%emt 0:00:25][%cal Bg5h4,Bh4h3,Bh3h2][%mdl 32] aiming for ...h3!} 44. Nd7 (44. Rd7 h3) 44... Kg5 45. Ne5 Rg3+ 46. Ke4 h3 47. Nxf7+ Kh4 {[%emt 0:00:19] ( -> ...h2)} 48. Nxh6 h2 49. Kxf4 {[%emt 0:00:00] [#]} Rf3+ $3 {[%emt 0:00:07][%mdl 576] Decoy, Promotion.  Weighted Error Value: White=0.86/Black=0.25 (precise)} 0-1

[Event "Czech Championship 2022"]
[Site "Usti nad Labem"]
[Date "2022.05.15"]
[Round "2.2"]
[White "Horak, Martin"]
[Black "Hracek, Zbynek"]
[Result "0-1"]
[ECO "D33"]
[WhiteElo "2343"]
[BlackElo "2570"]
[Annotator "TA"]
[PlyCount "100"]
[EventDate "2022.05.12"]
[EventType "swiss"]
[EventCountry "CZE"]
[SourceTitle "playchess.com"]
[Source "ChessBase"]
[SourceQuality "1"]
[TimeControl "40/5400+30:1800+30"]

1. d4 d5 2. c4 e6 3. Nc3 c5 4. cxd5 exd5 5. Nf3 Nc6 6. g3 Nf6 7. Bg2 cxd4 {[%emt 0:00:06] is the new trend.} 8. Nxd4 Bc5 9. Nb3 Bb6 {[%emt 0:00:14] D33: Tarrasch Defence: 6 g3 sidelines.} 10. O-O (10. Bxd5 Nb4 11. Bf3 Qxd1+ 12. Kxd1 Ng4 13. Bxg4 Bxg4 $11) 10... d4 11. Na4 O-O {[%emt 0:00:17] White is slightly better.} 12. Nxb6 axb6 13. e3 d3 14. Bd2 {[%emt 0:06:54] [#]} Bf5 $146 ({Predecessor:} 14... Bg4 15. Qb1 Qd7 16. Bc3 Bh3 17. Bxh3 Qxh3 18. Bxf6 gxf6 19. Qxd3 Ne5 20. Qe4 Qh5 {1-0 (36) Rangel,D (2210)-Kett,T (2178) Chess.com INT 2021}) 15. Bc3 Qd7 16. Nd4 Bg6 17. Nxc6 (17. Qb3 {seems wilder.} Ne4 18. Qxb6 Ne5 19. Qb3) 17... bxc6 18. Bxf6 gxf6 19. Qf3 ({White should play} 19. Qd2 $11) 19... Kg7 (19... Qe6 $1 $15) 20. Qxc6 $11 Qxc6 21. Bxc6 Rac8 22. Bd5 (22. Ba4 $11) 22... Rfd8 $15 23. e4 f5 $1 24. f3 fxe4 25. fxe4 Rc2 (25... Bh5 $5 ) 26. Rad1 d2 27. Kf2 $2 (27. Rf2 $11) 27... f5 $1 $19 ({Not} 27... Rxb2 28. Ke3 $14) (27... Bh5 28. g4 Bg6 29. Ke3 $16) 28. Bb3 Rxb2 29. exf5 Bxf5 30. Ke3 Bg4 31. Rb1 Re8+ 32. Kf4 Rxb1 {[%emt 0:02:53] 0x0.001ab4501631dp-1022s more active pieces.} 33. Rxb1 $17 {[%emt 0:00:01][%mdl 4096] Endgame [#] KRB-KRB} Re1 $1 34. Rb2 d1=Q 35. Bxd1 Bxd1 36. Rxb6 {[%emt 0:00:48] KRB-KR} Re7 {[%emt 0:00:07] Prevents Rb7.} 37. g4 Ra7 {[%emt 0:00:11] Against Ra6. And now ...Ra4+ would win.} 38. h3 Ba4 ({And not} 38... Rxa2 39. Rb7+ Kg8 40. Rb8+ Kg7 41. Rb7+ Kg6 42. Rb6+ Kg7 43. Rb7+ $11) 39. Rb2 Be8 40. h4 (40. Rb6 $17) 40... Bf7 41. h5 Ra4+ ({Don't go for} 41... Rxa2 $2 42. Rb5) 42. Kg5 $2 {[%emt 0:02:54][%mdl 8192] Loses the game.} (42. Kg3 $17) 42... h6+ $19 {[%emt 0:02:03] Black is clearly winning.} 43. Kf5 {[%emt 0:00:40] [#]} Ra5+ $1 44. Kf4 {[%emt 0:00:18] [#]} Kf6 $1 45. Rf2 Rxa2 46. Rf1 Bc4 47. Rf3 Be6 48. g5+ hxg5+ 49. Ke4+ Kg7 50. h6+ Kxh6 {[%emt 0:00:05] Weighted Error Value: White=0.76/Black=0.16 (very precise)} 0-1

[Event "Czech Championship 2022"]
[Site "Usti nad Labem"]
[Date "2022.05.15"]
[Round "2.3"]
[White "Plat, Vojtech"]
[Black "Mica, Marek"]
[Result "1-0"]
[ECO "C01"]
[WhiteElo "2547"]
[BlackElo "2343"]
[Annotator "TA"]
[PlyCount "97"]
[EventDate "2022.05.12"]
[EventType "swiss"]
[EventCountry "CZE"]
[SourceTitle "playchess.com"]
[Source "ChessBase"]
[SourceQuality "1"]
[TimeControl "40/5400+30:1800+30"]

1. e4 e6 2. d4 d5 3. exd5 exd5 4. Nf3 Bd6 5. Bd3 Ne7 6. h3 {[%emt 0:00:44] C01: French: Exchange Variation.} Bf5 7. O-O {[%emt 0:00:09] [#]} f6 $146 ({Predecessor:} 7... O-O 8. Bg5 f6 9. Be3 Qd7 10. c4 Bxd3 11. Qxd3 c6 12. Nc3 Qe6 13. c5 Bc7 14. Rfe1 {½-½ (14) Popchev,M (2456)-Kosic,D (2501) Stara Pazova 2007}) 8. Re1 {[%emt 0:00:34] aiming for Bxf5. White is slightly better.} Qd7 9. c4 Bxd3 10. Qxd3 {[%emt 0:00:03] Hoping for c5.} dxc4 11. Qxc4 Nbc6 {[%emt 0:00:38] Inhibits b4.} 12. Nc3 O-O-O 13. a3 Rhe8 14. Bd2 Nf5 15. d5 Ne5 16. Nxe5 Bxe5 17. Rac1 Bxc3 ({Better is} 17... Kb8 $15) 18. Qxc3 Rxe1+ 19. Bxe1 Ne7 20. Qe3 Kb8 (20... b6 {is more complex.} 21. d6 Qxd6 22. Qe4 Nd5) 21. d6 $1 cxd6 (21... Qxd6 $2 22. Bb4 Qd7 23. Qxe7 $18) 22. f3 Nc6 23. Bg3 Ka8 24. b4 h6 (24... Qe8 $11 25. Qxe8 Rxe8) 25. b5 $14 {[%emt 0:05:14][%mdl 1024] White has compensation.} Na5 26. Qd3 b6 27. a4 f5 (27... Qf7 $14) 28. Qd5+ $16 Kb8 29. Rd1 $36 {[%emt 0:03:32][%cal Rg3d6][%mdl 2048] Black is under strong pressure.} Nb7 30. a5 ({White should try} 30. Re1 $16) 30... bxa5 $11 31. Rc1 g5 {[%emt 0:04:02] [#] White stays focused until the end.} (31... Rc8 $11 {remains equal.} 32. Rc6 Qe8) 32. Rc6 $1 $16 {[%emt 0:00:26] White is much more active.} f4 33. Bf2 Nc5 $2 (33... a4 34. Kh2 a3) 34. b6 $18 axb6 35. Rxb6+ Ka7 {[%emt 0:00:17] [#]} (35... Nb7 $18 36. Qxa5 Re8) 36. Rxd6 $3 {[%emt 0:00:28][%mdl 576] Remove Defender} Qxd6 37. Bxc5+ Qxc5+ 38. Qxc5+ {[%emt 0:00:03][%mdl 4096] Endgame KQ-KR} Kb7 39. Qb5+ Kc8 40. Qc6+ Kb8 41. Qxh6 {[%emt 0:30:17] White mates.} Kb7 42. Qxg5 Ra8 43. Qxf4 a4 44. Qb4+ Kc7 45. Qa3 Kb6 46. h4 Kb5 47. h5 Ra6 48. Qd3+ Ka5 {[%emt 0:00:09] [#]} 49. Qxa6+ $3 {[%emt 0:00:12] Weighted Error Value: White=0.07 (flawless) /Black=0.55} 1-0

[Event "Czech Championship 2022"]
[Site "Usti nad Labem"]
[Date "2022.05.15"]
[Round "2.4"]
[White "Gnojek, Petr"]
[Black "Stocek, Jiri"]
[Result "1-0"]
[ECO "E32"]
[WhiteElo "2302"]
[BlackElo "2533"]
[Annotator "TA"]
[PlyCount "165"]
[EventDate "2022.05.12"]
[EventType "swiss"]
[EventCountry "CZE"]
[SourceTitle "playchess.com"]
[Source "ChessBase"]
[SourceQuality "1"]
[TimeControl "40/5400+30:1800+30"]

1. d4 Nf6 2. c4 e6 3. Nc3 Bb4 4. Qc2 O-O 5. a3 Bxc3+ 6. Qxc3 d6 7. Bg5 Nbd7 8. e3 b6 9. Bd3 Bb7 10. f3 Rc8 11. Ne2 c5 12. Rd1 {[%emt 0:12:00] E32: Nimzo-Indian: Classical (4 Qc2): 4...0-0.} h6 13. Bh4 cxd4 14. Qxd4 {[%emt 0:00:10] The position is equal.} Qc7 {[%emt 0:00:46] [#]} 15. O-O $146 ({Predecessor:} 15. e4 Ne5 16. b3 Nxd3+ 17. Rxd3 Nd7 18. O-O Nc5 19. Re3 e5 20. Qd2 f6 21. Rd1 {½-½ (64) Welser,K (1807)-Seuchter,S (2106) GER email 2006}) 15... e5 16. Qc3 Rfe8 17. e4 b5 18. cxb5 {[%emt 0:11:36] aiming for Qxc7.} Qb6+ 19. Bf2 Rxc3 20. Bxb6 Rxd3 21. Rxd3 Nxb6 22. Rxd6 Nc4 23. Rd3 Nxb2 24. Rc3 (24. Rb3 $5 Na4 25. Rc1 $11) 24... Rb8 25. Rfc1 {[%emt 0:06:49][%mdl 1024] White has compensation.} Ne8 26. Rb3 Na4 27. Rb4 Nb6 28. a4 Kf8 29. a5 Nd7 30. Nc3 Nd6 31. Na4 Ke7 32. b6 a6 33. Rc7 {[%emt 0:04:13] Hoping for Nc5.} Ke6 (33... Rc8 $11 {was preferrable.}) 34. Rb2 $14 Nb5 {[%emt 0:02:06] [#]} 35. Kf2 $1 g6 (35... Nxc7 36. bxc7 Rc8 37. Rxb7 $16) 36. g4 Ba8 $1 (36... Nxc7 37. bxc7 Rc8 38. Rxb7 $16) 37. Rxd7 {[%emt 0:05:35][%mdl 64] Remove Defender} Kxd7 38. Nc5+ Kc6 39. Nxa6 Rh8 {[%emt 0:01:24] [#]} (39... Rc8 $11) 40. Rc2+ (40. Nb4+ $1 $16 Kb7 41. Rc2 (41. Nd3 Rd8 $14)) 40... Kd6 $11 41. Rb2 (41. Nb4 $11) 41... Kc6 $16 42. Rc2+ (42. Nb4+ $16 Kb7 43. Rc2 (43. Nd3 Rd8 $16)) 42... Kd6 $11 43. Nc7 Bc6 44. Rd2+ Nd4 45. a6 Rb8 46. Rb2 Kc5 $2 (46... Rxb6 $1 $11 {and Black stays safe.} 47. Rxb6 Kxc7) 47. b7 $18 Kd6 48. Nd5 {[%emt 0:02:16] Black must now prevent Rb6.} Kc5 49. Rb1 Bxb7 50. a7 {[%emt 0:02:55][%mdl 64] Deflection} ({Not} 50. axb7 Nb5 $11) 50... Ra8 51. Rxb7 {[%emt 0:00:04][%mdl 4096] Endgame KRN-KRN} Nc6 52. Rxf7 g5 53. Rc7 {[%emt 0:01:40] And now Ne7 would win.} Kd6 {[%emt 0:00:24] Prevents Ne7.} 54. Rh7 Rxa7 (54... Kc5 $142 55. Nc7 Rxa7 56. Ne6+ Kd6 57. Rxh6 Ke7 58. Nxg5 Ra2+ 59. Kg3 Nd4) 55. Rxa7 Nxa7 {[%emt 0:00:04] KN-KN} 56. Ne3 Ke6 57. Nf5 Nc6 58. Nxh6 Nb4 59. Nf5 Nd3+ 60. Kg3 Kf6 61. h4 gxh4+ 62. Kxh4 Kg6 63. g5 Nf4 64. Kg4 Kf7 65. Nd6+ Kg6 66. Nc4 Nd3 67. Kh4 Kf7 68. Kg3 $2 (68. Kh5 $18 Kg7 69. Nd6 Nf4+ 70. Kg4) 68... Kg6 $11 69. Kh4 $2 (69. Ne3 $11 Kh5 70. Ng2) 69... Kf7 $18 70. Ne3 Kg7 71. Kh5 Nf4+ 72. Kg4 Nd3 73. Kf5 Ne1 74. Kxe5 Nxf3+ 75. Kf4 {[%emt 0:00:02] White mates.} Ne1 76. Nf5+ Kg6 77. Nh4+ Kf7 78. g6+ Kf6 79. e5+ Ke6 80. Kg5 Nd3 81. Nf3 Nf2 82. Kh6 Ng4+ 83. Kh7 {[%emt 0:00:05] Weighted Error Value: White=0.19 (very precise) /Black=0.28 (precise)} 1-0

[Event "Czech Championship 2022"]
[Site "Usti nad Labem"]
[Date "2022.05.15"]
[Round "2.5"]
[White "Serrano Salvador, Eduardo"]
[Black "Zwardon, Vojtech"]
[Result "0-1"]
[ECO "A46"]
[WhiteElo "2286"]
[BlackElo "2482"]
[Annotator "TA"]
[PlyCount "64"]
[EventDate "2022.05.12"]
[EventType "swiss"]
[EventCountry "CZE"]
[SourceTitle "playchess.com"]
[Source "ChessBase"]
[SourceQuality "1"]
[TimeControl "40/5400+30:1800+30"]

1. d4 Nf6 2. Nf3 e6 3. Bg5 c5 4. d5 Qa5+ 5. c3 Nxd5 6. e4 {[%emt 0:00:10] A46: 1 d4 Nf6 2 Nf3 e6: Torre, London and Colle Systems.} Nf6 7. e5 Ne4 8. Nbd2 {[%emt 0:00:08] Black has an edge.} Nxd2 9. Nxd2 ({Reject} 9. Kxd2 h6 10. Bf4 b5 $15) 9... Qc7 10. Nc4 {[%emt 0:00:08] [#]} Qc6 $146 ({Predecessor:} 10... Nc6 11. Nd6+ Bxd6 12. exd6 Qa5 13. Qg4 Ne5 14. Qg3 f6 15. Bf4 O-O 16. Bxe5 fxe5 17. Qxe5 Qb6 18. Bc4 Qxb2 19. O-O b6 20. Qe3 Qa3 21. Bb5 a6 22. Bd3 {½-½ (22) Vazquez Igarza,R (2573)-Baklan,V (2600) Benasque 2017}) 11. Qd3 b5 12. Nd6+ Bxd6 13. exd6 f6 14. Be2 {[%emt 0:13:46] And now Bh5+ would win.} Bb7 (14... fxg5 15. Bh5+ (15. Bf3 Qb6 $16) 15... g6 16. Bf3 $16) 15. Bh5+ (15. Bf3 $11 Qb6 16. Bh5+ Kf8 17. Qg3) 15... Kd8 (15... Kf8 $5 16. Bf3 Qb6 $17) 16. Bf3 Qb6 17. Bh4 c4 18. Qe2 g5 (18... h5 $15 19. Bxb7 Qxb7) 19. Bg3 $11 h5 20. Bxh5 (20. h3 $11) 20... Bxg2 $15 21. Rg1 Qc6 ({Better is} 21... Bc6 $15) 22. O-O-O (22. f4 $14 Be4 23. fxg5 fxg5 24. Bf2) 22... Be4 $36 {[%emt 0:00:19][%mdl 2048] Hoping for ...Kc8. Black has some pressure.} 23. f4 {[%emt 0:00:35] [#]} (23. h4 $15) 23... Bd3 (23... gxf4 $1 $17 24. Bxf4 Kc8) 24. Rxd3 cxd3 25. Qxd3 Qc5 $17 ({Don't do} 25... Rxh5 26. Qg6 Kc8 27. Qxh5 $11) 26. Qg6 $2 {[%emt 0:06:24] Now White is beyond hope.} (26. Rg2 $17 gxf4 27. Qf3) 26... Qxg1+ $19 {[%emt 0:00:12] Black is clearly winning.} 27. Kd2 Qg2+ 28. Ke1 Kc8 29. Be2 gxf4 30. Qxf6 {[%emt 0:00:53] [#]} fxg3 $1 31. Qxh8+ Kb7 32. Qh5 Qf2+ {[%emt 0:00:30] Weighted Error Value: White=0.89/Black=0.18 (very precise)} 0-1

[Event "Czech Championship 2022"]
[Site "Usti nad Labem"]
[Date "2022.05.15"]
[Round "2.6"]
[White "Kraus, Tomas"]
[Black "Buchcar, Tomas"]
[Result "1-0"]
[ECO "D11"]
[WhiteElo "2472"]
[BlackElo "2183"]
[Annotator "TA"]
[PlyCount "61"]
[EventDate "2022.05.12"]
[EventType "swiss"]
[EventCountry "CZE"]
[SourceTitle "playchess.com"]
[Source "ChessBase"]
[SourceQuality "1"]
[TimeControl "40/5400+30:1800+30"]

1. d4 d5 2. Nf3 Nf6 3. c4 c6 4. Nbd2 Bf5 5. Nh4 Be6 6. e3 {[%emt 0:01:18] D11: Slav Defence: 3 Nf3 sidelines and 3...Nf6 4 e3 Bg4.} g6 7. Be2 dxc4 8. Nxc4 {[%emt 0:05:04] [#] The position is equal.} Bg7 $146 ({Predecessor:} 8... c5 9. O-O Bg7 10. dxc5 Nc6 11. Bd2 O-O 12. Bc3 Ne4 13. Bxg7 Qxd1 14. Rfxd1 Kxg7 {½-½ (24) Heinsohn,M (2368)-Ovaskainen,J (2303) ICCF email 2016}) 9. b4 Nd5 10. Bd2 {[%emt 0:02:05] Inhibits Nc3.} O-O 11. Rc1 Nb6 12. Na5 $1 Bc8 13. Nf3 {[%emt 0:01:57][%cal Bh4f3,Bf3d4,Bd4b3][%mdl 32] Against e5} N8d7 14. O-O e6 15. Qb3 e5 16. dxe5 (16. b5 {keeps more tension.} cxb5 17. Bb4 e4 18. Nd2) 16... Nxe5 17. Nd4 Qe7 18. b5 c5 19. Qa3 Ned7 (19... Re8 $1 $11 20. Ndb3 (20. Qxc5 Qxc5 21. Rxc5 Ned7 $15) (20. Rxc5 Ned7 $11) 20... Qd8) 20. Ndb3 $14 {[%emt 0:05:26][%cal Rb3c5] White is much more active. The black rooks are badly placed.} Rd8 21. Rfd1 Bf8 ({Better is} 21... Nd5 $1 $14) 22. Bc3 $16 Qg5 {[%emt 0:00:56][%cal Oc5c4] [#] Threatens to win with ...c4!} 23. Ba1 $1 $36 {[%emt 0:02:32][%mdl 2048] White is in control.} Re8 (23... Bg7 $16 24. Bxg7 (24. Nxc5 Bxa1 25. Nxd7 Rxd7 $16) 24... Kxg7) 24. Qb2 $18 f6 25. Qc2 Kg7 (25... Qf5 $16 26. Qxf5 gxf5) 26. Nd2 Qh4 27. Nf3 Qe4 28. Qb2 Ne5 (28... Kh8 $142 29. Qb3 Qe7) 29. Nxe5 Qxe5 30. Qxe5 fxe5 31. f4 {[%emt 0:00:22] Weighted Error Value: White=0.08 (flawless) /Black=0.20 (precise)} 1-0

[Event "Czech Championship 2022"]
[Site "Usti nad Labem"]
[Date "2022.05.15"]
[Round "2.7"]
[White "Smolik, Jachym"]
[Black "Cernousek, Lukas"]
[Result "0-1"]
[ECO "A80"]
[WhiteElo "2272"]
[BlackElo "2440"]
[Annotator "TA"]
[PlyCount "78"]
[EventDate "2022.05.12"]
[EventType "swiss"]
[EventCountry "CZE"]
[SourceTitle "playchess.com"]
[Source "ChessBase"]
[SourceQuality "1"]
[TimeControl "40/5400+30:1800+30"]

1. d4 f5 2. Nc3 Nf6 3. Bg5 d5 4. e3 e6 5. Nf3 a6 6. Bd3 {[%emt 0:02:30] A80: Dutch Defence: Unusual White second moves.} c5 7. dxc5 Bxc5 8. Ne2 {[%emt 0:10:59] The position is equal.} Nc6 9. c4 Bb4+ 10. Nc3 dxc4 11. Bxc4 Qxd1+ {[%emt 0:00:08] [#]} 12. Rxd1 $146 ({Predecessor:} 12. Kxd1 Bxc3 13. bxc3 Ne4 14. Bh4 Nxc3+ 15. Kc2 Ne4 16. Ng5 Nxg5 17. Bxg5 h6 18. Bh4 {0-1 (43) Palozza,C (2265)-Beerdsen,T (2479) Bassano del Grappa 2020}) 12... b5 13. Bd3 Nd5 14. Kd2 (14. O-O $15) 14... h6 15. Bf4 Nxf4 16. exf4 Bb7 {[%emt 0:00:23] Black continues to play with concentration.} 17. Rhe1 {[%emt 0:03:42][%csl LRe6,LRf5] [#]} Kf7 18. Kc1 Rhd8 19. Bc2 Kf6 20. Bb3 Rxd1+ 21. Kxd1 Rd8+ 22. Kc2 (22. Kc1 $17 Rd6 23. Ne5) 22... Rd6 $19 23. g3 (23. Rd1 $142) 23... Bc5 24. Nd2 Nd4+ ({But not} 24... Nb4+ $2 25. Kb1 $19) 25. Kc1 Nxb3+ 26. Nxb3 Bxf2 27. Re2 Bg1 28. Nd2 g5 29. fxg5+ hxg5 30. g4 Rd3 31. gxf5 exf5 32. Kc2 Rh3 33. Re8 Rxh2 34. Rf8+ Kg6 {[%emt 0:01:03] [#] White must now prevent ...Be3.} 35. Kd3 {[%emt 0:00:26] Prevents Be3.} Rh3+ 36. Ke2 Rh2+ 37. Kd3 Rh3+ 38. Ke2 $1 Bc5 39. Rg8+ Kf6 {[%emt 0:00:33] Weighted Error Value: White=0.21 (precise) /Black=0.28 (precise)} 0-1

[Event "Czech Championship 2022"]
[Site "Usti nad Labem"]
[Date "2022.05.15"]
[Round "2.8"]
[White "Delgerdalai, Bayarjavkhlan"]
[Black "Finek, Vaclav"]
[Result "1-0"]
[ECO "D85"]
[WhiteElo "2119"]
[BlackElo "2410"]
[Annotator "TA"]
[PlyCount "67"]
[EventDate "2022.05.12"]
[EventType "swiss"]
[EventCountry "CZE"]
[SourceTitle "playchess.com"]
[Source "ChessBase"]
[SourceQuality "1"]
[TimeControl "40/5400+30:1800+30"]

1. d4 Nf6 2. c4 g6 3. Nc3 d5 4. cxd5 Nxd5 5. e4 Nxc3 6. bxc3 Bg7 7. Nf3 c5 8. Bb5+ Bd7 9. Bxd7+ Qxd7 10. O-O O-O 11. Be3 cxd4 12. cxd4 Nc6 13. d5 Na5 {[%emt 0:12:40] D85: Exchange Grünfeld: Unusual White 7th moves and lines with 7 Nf3.} 14. Bd4 Rfd8 15. Bxg7 Kxg7 {[%emt 0:00:05] White is better.} 16. Qd4+ {[%emt 0:00:21] [#]} f6 $146 ({Predecessor:} 16... Kg8 17. Qd2 Nc4 18. Qh6 Qg4 19. Rab1 b6 20. Rb4 Rac8 21. h3 Qh5 22. Qxh5 gxh5 23. Nd4 Ne5 24. f4 {1-0 (24) Titov,E (2185)-Parvanov,L (2365) ICCF corr 1994}) 17. Rad1 (17. Qb4 $16 b6 18. Nd4) 17... e5 $1 $11 18. dxe6 (18. Qd3 {with more complications.} Rac8 19. Nd2 Qa4 20. Rc1) 18... Qxe6 19. Qxd8 Rxd8 20. Rxd8 {[%emt 0:00:02][%cal Oe4e5] Threatening e5!} Qxa2 (20... Nc6 $11 21. Rd2 Qxe4) 21. Rfd1 (21. Rd7+ $16 Kg8 22. Rc1) 21... Kh6 $2 {[%emt 0:10:28] [#]} ({Better is} 21... Nc6 $1 $14 22. R8d7+ Kh6) 22. h4 $2 (22. e5 $1 $18 ) 22... Nc6 $1 $14 23. R8d7 Qa4 {[%emt 0:04:37] [#]} (23... Qc2 $11 {remains equal.}) 24. R1d6 $1 $16 {[%emt 0:03:26] Hoping for Re6. White is more active.} Qa1+ 25. Kh2 {[%emt 0:02:37] Rd5 is the strong threat.} Ne5 26. Nxe5 ({Don't go for} 26. Rxb7 $2 Nxf3+ 27. gxf3 Qe5+ 28. Kg2 Qxd6 $19) 26... Qxe5+ {[%emt 0:00:07][%mdl 4096] Endgame KQ-KRR} 27. g3 b5 $2 (27... Qb2) 28. Ra6 $2 (28. Rc6 {Black must now prevent Rcc7.} g5 29. hxg5+ (29. Rxa7 gxh4 30. Ra3 b4 $17) 29... Qxg5 30. Rd5) 28... Qxe4 $2 (28... f5 $18 29. Raxa7 Kh5) 29. Rxf6 {[%emt 0:02:42] White mates.} a5 30. Rf4 Qe8 31. Rff7 g5 32. Rf6+ Kh5 33. Rxh7+ Kg4 34. f3# {[%emt 0:00:05] Weighted Error Value: White=0.41/Black=0.69} 1-0

[Event "Czech Championship 2022"]
[Site "Usti nad Labem"]
[Date "2022.05.15"]
[Round "2.9"]
[White "Bouska, Jiri"]
[Black "Rubes, Jan"]
[Result "0-1"]
[ECO "B70"]
[WhiteElo "2117"]
[BlackElo "2386"]
[Annotator "TA"]
[PlyCount "74"]
[EventDate "2022.05.12"]
[EventType "swiss"]
[EventCountry "CZE"]
[SourceTitle "playchess.com"]
[Source "ChessBase"]
[SourceQuality "1"]
[TimeControl "40/5400+30:1800+30"]

1. e4 c5 2. Nf3 d6 3. d4 cxd4 4. Nxd4 Nf6 5. Nc3 g6 6. Be2 Bg7 7. Bg5 O-O 8. O-O Nc6 9. Nb3 a6 10. f4 Re8 {[%emt 0:22:49] B70: Sicilian Dragon: 6 g3 and 6 Be2 (without a later Be3).} 11. Bf3 Be6 12. Nd5 Bxd5 {[%emt 0:01:41] The position is equal.} 13. exd5 Na5 {[%emt 0:00:12] [#]} 14. Nxa5 $146 ({Predecessor:} 14. c3 Nxb3 15. Qxb3 Qc7 16. Kh1 Rac8 17. Rf2 b5 18. Re2 Qc4 19. Rae1 Qxb3 20. axb3 Kf8 21. Ra1 Ra8 22. Rae1 Nd7 23. c4 Nb6 24. Bh4 bxc4 {½-½ (24) Juarez Flores,J (2260)-Figueroa F,M Guatemala City 2000}) 14... Qxa5 15. Kh1 Qb4 16. Qc1 Rac8 17. c3 Qc4 18. Qd2 Rc5 19. Rfd1 Ne4 20. Bxe4 Qxe4 21. Qd3 Qxd3 22. Rxd3 Rc4 23. Rf1 b5 24. f5 Be5 25. fxg6 hxg6 26. Rdf3 f6 27. Bf4 Re4 28. g3 (28. Kg1 $15) 28... Rc8 (28... Bxf4 $17 29. gxf4 (29. Rxf4 Re5 $17) 29... Kf7) 29. Re3 Rcc4 30. Rfe1 Rxe3 31. Rxe3 Bxf4 32. gxf4 $17 {[%emt 0:00:24][%mdl 4096] Endgame KR-KR} Kf7 ({And not} 32... Rxf4 33. Rxe7 Rf2 34. Ra7 $15) 33. Rh3 $2 {[%emt 0:03:39] [#] This move loses the game for White.} (33. Rf3 $17) 33... Rxf4 $19 34. Rh7+ Ke8 {[%emt 0:00:11] Black is winning.} 35. Rh8+ Kd7 36. Kg1 Rf5 37. Rg8 g5 {[%emt 0:00:11] Weighted Error Value: White=0.24 (precise) /Black=0.07 (flawless)} 0-1